 Dungeon Crawl Stone Soup version 0.23.2-40-g277498a001 (webtiles) character file.

Game seed: 17986528817725683121

189 Exodus22XD the Conjurer (level 5, -1/35 HPs)
             Began as a Mummy Wizard on Sept 1, 2019.
             Shot with a stone by a goblin (2 damage)
             ... on level 3 of the Dungeon.
             The game lasted 00:15:24 (3942 turns).

Exodus22XD the Conjurer (Mummy Wizard)              Turns: 3942, Time: 00:15:25

Health: -1/35      AC:  3    Str:  7    XL:     5   Next: 40%
Magic:  0/11       EV: 12    Int: 18    God:
Gold:   208        SH:  0    Dex: 11    Spells: 1/12 levels left

rFire    x . .     SeeInvis +   h - +2 short sword (drain)
rCold    + . .     Gourm    .   (no shield)
rNeg     + + +     Faith    .   a - +0 robe
rPois    ∞         Spirit   .   b - +0 hat
rElec    .         Reflect  .   (no cloak)
rCorr    .         Harm     .   d - +0 pair of gloves
MR       .....                  (no boots)
Stlth    ++........             (no amulet)
HPRegen  0.11/turn              e - -3 ring of strength (curse)
MPRegen  0.12/turn              n - ring of see invisible

@: no status effects
A: no food or potions, fire vulnerability, cold resistance 1, negative energy
resistance 3, torment resistance, unbreathing
a: no special abilities


You were on level 3 of the Dungeon.
You were not hungry.

You visited 1 branch of the dungeon, and saw 3 of its levels.
You also visited: Sewer.

You collected 208 gold pieces.

Inventory:

Hand Weapons
 h - a +2 short sword of draining (weapon)
Armour
 a - a +0 robe (worn)
 b - a +0 hat (worn)
 d - a +0 pair of gloves (worn)
Jewellery
 e - a cursed -3 ring of strength (left hand)
 g - an uncursed ring of resist corrosion
 n - a ring of see invisible (right hand)
Wands
 o - a wand of random effects (13)
Scrolls
 c - a scroll of blinking {unknown}
 f - a scroll of identify
 i - a scroll of random uselessness {unknown}
 j - a scroll of teleportation
 k - a scroll of remove curse {unknown}
 l - a scroll of enchant armour {unknown}
 m - a scroll of enchant weapon {unknown}
 p - 2 scrolls of fog {unknown}


   Skills:
 - Level 1.5 Dodging
 - Level 1.5 Stealth
 * Level 4.0 Spellcasting
 - Level 4.4 Conjurations
 - Level 0.7 Summonings
 + Level 0.7 Translocations


You had one spell level left.
You knew the following spells:

 Your Spells              Type           Power        Failure   Level  Hunger
a - Magic Dart            Conj           ###.         2%          1    N/A
b - Call Imp              Summ           #.......     17%         2    N/A
c - Blink                 Tloc           N/A          17%         2    N/A
d - Conjure Flame         Conj/Fire      ##......     19%         3    N/A
e - Mephitic Cloud        Conj/Pois/Air  #.......     24%         3    N/A

Your spell library contained the following spells:

 Spells                   Type           Power        Failure   Level  Hunger
 Slow                     Hex            #.......     22%         2    N/A

Dungeon Overview and Level Annotations

Branches:
Dungeon (3/15)

Altars:
Ashenzari
Dithmenos

Annotations:
D:3 Grinder, Robin, Sigmund


Innate Abilities, Weirdness & Mutations

You do not eat or drink.
Your flesh is vulnerable to fire.
You are immune to poison.
Your flesh is cold resistant. (rC+)
You are immune to negative energy. (rN+++)
You are immune to unholy pain and torment.
You can survive without breathing.


Message History

Aim: Grinder, carrying a wand of random effects (18) (almost dead)
The magic dart hits Grinder.
Grinder is almost dead.
Grinder barely misses you.
Grinder blinks!
A goblin comes into view.
The goblin wields a +0 hunting sling.
The goblin shoots a stone.
The stone misses you.
Sorry, you're not good enough to have a special ability.
Casting: Magic Dart (safe; 2% risk of failure)
Confirm with . or Enter, or press ? or * to list all spells.
Aiming: Magic Dart (safe; 2% risk of failure)
Press: ? - help, Shift-Dir - straight line, f/p - Grinder
Aim: Grinder, carrying a wand of random effects (18) (almost dead)
The magic dart hits Grinder.
Grinder is almost dead.
The goblin shoots a stone.
The stone hits you.
* * * LOW HITPOINT WARNING * * *
The goblin shoots a stone.
The stone hits you.
You die...

## ################ #.
...............# #. ###
##.......###.# ####. ....
#...........# #.... .....
#.<####.#.#.####.###
..g..##.#####).........#
........5..#..%###.....#
###.#...(@...#.#)#.#...#
........(......#.#.....###
###.##.#.#.#.........#....
#.#.........##.##....... .
#....$###.#...#.###... #
#...#.#..........!#.#.
#.....###.#...#.###...
#..#......##÷##.....##
#..#...#...).....#....


You could see Grinder and a goblin.

Vanquished Creatures
  4 adders
  An ooze (D:1)
  3 worms
  A dart slug (D:2)
  3 leopard geckos (D:2)
  A ball python (D:3)
  3 giant cockroaches
  6 hobgoblins
  7 jackals
  2 quokkas
  14 bats
  3 frilled lizards
  8 goblins
  6 kobolds
  7 rats
69 creatures vanquished.

Vanquished Creatures (collateral kills)
  Purgy (Sewer)
1 creature vanquished.

Grand Total: 70 creatures vanquished

Notes
Turn   | Place    | Note
-------+----------+-------------------------------------------
     0 | D:1      | Exodus22XD the Mummy Wizard began the quest for the Orb.
     0 | D:1      | Reached XP level 1. HP: 13/13 MP: 5/5
    63 | D:1      | Reached skill level 1 in Conjurations
   323 | D:1      | Reached XP level 2. HP: 18/19 MP: 0/7
   625 | D:1      | Learned a level 2 spell: Call Imp
  1224 | D:2      | Reached XP level 3. HP: 24/24 MP: 5/8
  2173 | D:2      | Found a shattered altar of Ashenzari.
  2339 | D:2      | Reached XP level 4. HP: 30/30 MP: 0/10
  2620 | D:3      | Found a glowing drain.
  2636 | Sewer    | Entered a sewer
  2739 | Sewer    | Noticed Purgy
  2754 | Sewer    | Killed Purgy
  2754 | Sewer    | Reached XP level 5. HP: 35/35 MP: 3/11
  2960 | D:3      | Noticed Sigmund
  3224 | D:3      | Found a shadowy altar of Dithmenos.
  3229 | D:3      | Learned a level 2 spell: Blink
  3233 | D:3      | Learned a level 3 spell: Conjure Flame
  3393 | D:3      | Noticed Robin
  3595 | D:3      | Noticed Grinder
  3601 | D:3      | Learned a level 3 spell: Mephitic Cloud
  3922 | D:3      | Paralysed by Grinder for 5 turns
  3931 | D:3      | Paralysed by Grinder for 3 turns
  3941 | D:3      | HP: 1/35 [goblin/stone (3)]
  3942 | D:3      | Shot with a stone by a goblin

Skill      XL: |  1  2  3  4 |
---------------+-------------+-----
Conjurations   | 1 2 3 4 |  4.4
Dodging        | |  1.5
Stealth        | |  1.5
Spellcasting   | |  4.0
Summonings     | |  0.7
Translocations | |  0.7

Action                   |  1- 3 |  4- 6 || total
-------------------------+-------+-------++-------
Melee: Short sword       |    10 |    11 ||    21
 Cast: Magic Dart        |   130 |    94 ||   224
       Call Imp          |       |     1 ||     1
       Conjure Flame     |       |     1 ||     1
  Use: Scroll            |       |     2 ||     2
Armor: Robe              |    16 |    35 ||    51
Dodge: Dodged            |    42 |    57 ||    99
